 Dungeon Crawl Stone Soup version 0.27.1-35-g4d5d836560 (webtiles) character file.

Game seed: 7759032229345980859

4582 CrazyMind the Geomancer (level 10, -1/59 HPs)
             Began as an Octopode Earth Elementalist on July 5, 2022.
             Was an Elder of Vehumet.
             Slain by a yak (13 damage)
             ... on level 7 of the Dungeon on July 7, 2022.
             The game lasted 01:01:20 (11921 turns).

CrazyMind the Geomancer (OpEE)                     Turns: 11921, Time: 01:01:21

Health: -1/59      AC:  1    Str:  8    XL:     10   Next: 41%
Magic:  16/28      EV: 18    Int: 21    God:    Vehumet [****..]
Gold:   473        SH:  0    Dex: 12    Spells: 7/21 levels left

rFire    . . .     SeeInvis .   a - staff of conjuration
rCold    . . .     Faith    .   (no shield)
rNeg     + . .     Spirit   .   (helmet restricted)
rPois    .         Reflect  .   (no amulet)
rElec    .         Harm     .   p - ring of magical power
rCorr    .         Rampage  .   i - ring of willpower
Will     +....                  u - ring of positive energy
Stlth    ++++......             E - +4 ring of evasion
HPRegen  0.19/turn              (no ring)
MPRegen  0.21/turn              (no ring)
                                (no ring)
                                (no ring)

@: no status effects
A: almost no armour, amphibious, 8 rings, camouflage 1, gelatinous body 1,
(nimble swimmer 1), tentacles
a: Renounce Religion


You were on level 7 of the Dungeon.
You worshipped Vehumet.
Vehumet was greatly pleased with you.
You visited 2 branches of the dungeon, and saw 9 of its levels.
You also visited: Sewer.

You collected 473 gold pieces.

Inventory:

Hand Weapons
 e - a +0 dagger
Missiles
 b - 55 stones
 d - 6 silver javelins
 f - 13 boomerangs
 g - 13 poisoned darts (quivered)
 m - 7 curare-tipped darts
Armour
 D - a +0 tower shield
Magical Staves
 a - a staff of conjuration (weapon)
Jewellery
 i - a ring of willpower (right tentacle)
 p - a ring of magical power (left tentacle)
 u - a ring of positive energy (on tentacle)
 E - a +4 ring of evasion (on tentacle)
Wands
 j - a wand of acid (4)
 y - a wand of paralysis (9)
 A - a wand of mindburst (11)
 G - a wand of charming (5)
Scrolls
 c - a scroll of fog {unknown}
 n - a scroll of summoning {unknown}
 o - a scroll of enchant weapon {unknown}
 q - a scroll of teleportation {unknown}
 t - a scroll of acquirement {unknown}
 z - a scroll of blinking {unknown}
 B - a scroll of amnesia
 F - a scroll of magic mapping
Potions
 h - a potion of heal wounds
 k - 3 potions of haste
 l - a potion of magic {unknown}
 r - 3 potions of lignification
 s - 2 potions of curing
 v - 2 potions of might
 w - 2 potions of attraction
 x - 2 potions of mutation
 C - a potion of flight {unknown}


   Skills:
 + Level 1.4 Fighting
 * Level 4.1 Staves
 + Level 3.4 Dodging
 + Level 5.5 Stealth
 + Level 6.0 Spellcasting
 * Level 4.7 Conjurations
 - Level 1.0 Transmutations
 - Level 1.0 Air Magic
 * Level 9.3 Earth Magic
 * Level 4.0 Poison Magic
 * Level 5.1 Evocations


You had 7 spell levels left.
You knew the following spells:

 Your Spells              Type           Power      Damage    Failure   Level
a - Sandblast             Erth           90%        2d19      1%          1
b - Passwall              Tmut/Erth      23%        N/A       1%          2
c - Stone Arrow           Conj/Erth      100%       3d13      1%          3
d - Magic Dart            Conj           100%       1d8       1%          1
e - Petrify               Tmut/Erth      28%        N/A       12%         4
f - Mephitic Cloud        Conj/Pois/Air  30%        N/A       2%          3

Your spell library contained the following spells:

 Spells                   Type           Power      Damage    Failure   Level
 Conjure Flame            Conj/Fire      24%        6-21      3%          3
 Frozen Ramparts          Ice            12%        1d3       8%          3
 Inner Flame              Hex/Fire       6%         N/A       8%          3
 Gell's Gravitas          Tloc           3%         N/A       28%         3
 Teleport Other           Tloc           6%         N/A       28%         3
 Tukima's Dance           Hex            6%         N/A       28%         3
 Yara's Violent Unravell  Hex/Tmut       4%         3d4       45%         5
 Ice Form                 Ice/Tmut       8%         N/A       61%         4
 Cause Fear               Hex            3%         N/A       67%         4
 Passage of Golubria      Tloc           N/A        N/A       67%         4
 Summon Ice Beast         Ice/Summ       6%         N/A       67%         4
 Dispersal                Tloc           3%         N/A       100%        6
 Discord                  Hex            3%         N/A       100%        8


Dungeon Overview and Level Annotations

Branches:
Dungeon (8/15)             Temple (1/1) D:4           Sewer (visited)
   Lair: D:8-11

Altars:
Ashenzari
Cheibriados
Dithmenos
Elyvilon
Fedhas
Makhleb
Nemelex Xobeh
Okawaru
Qazlal
Ru
Sif Muna
Trog
Vehumet
Wu Jian
Yredelemnul
Zin
The Shining One
Lugonu

Shops:
D:6 :

Annotations:
D:3 3 runed translucent doors, Delamore's ghost, amateur OpBr
D:5 Blork the orc
D:6 4 exclusions, Maggie
D:8 Grum


Innate Abilities, Weirdness & Mutations

You cannot wear most types of armour.
You are amphibious.
You can wear up to eight rings at the same time.
Your skin changes colour to match your surroundings (Stealth+).
Your rubbery body absorbs attacks. (AC +1, EV +1)
((You are camouflaged near water. (Stealth+)))
You have tentacles for arms and can constrict up to eight enemies at once.


Message History

The helpless yak fails to defend itself.
You hit the yak.
The yak is heavily wounded.
The helpless yak fails to defend itself.
You hit the yak.
The yak is heavily wounded.
The helpless yak fails to defend itself.
You hit the yak.
The yak is moderately wounded.
The yak is no longer petrified.
The yak gores you.
Casting: Petrify (dangerous; 12% risk of failure)
Confirm with . or Enter, or press ? or * to list all spells.
Aiming: Stone Arrow (safe; 1% risk of failure)
Press: ? - help, Shift-Dir - straight line, f/p - yak
Aim: a yak (moderately wounded, 87% to hit)
You feel a surge of power!
The stone arrow misses the yak.
The yak gores you!
Casting: Stone Arrow (safe; 1% risk of failure)
Confirm with . or Enter, or press ? or * to list all spells.
Aiming: Stone Arrow (safe; 1% risk of failure)
Press: ? - help, Shift-Dir - straight line, f/p - yak
Aim: a yak (moderately wounded, 87% to hit)
You feel a surge of power!
The stone arrow hits the yak!
The yak is severely wounded.
The yak gores you!
Casting: Stone Arrow (safe; 1% risk of failure)
Confirm with . or Enter, or press ? or * to list all spells.
Aiming: Stone Arrow (safe; 1% risk of failure)
Press: ? - help, Shift-Dir - straight line, f/p - yak
Aim: a yak (severely wounded, 87% to hit)
You feel a surge of power!
The stone arrow hits the yak!
The yak is almost dead.
The yak gores you!
* * * LOW HITPOINT WARNING * * *
Casting: Stone Arrow (safe; 1% risk of failure)
Confirm with . or Enter, or press ? or * to list all spells.
Aiming: Stone Arrow (safe; 1% risk of failure)
Press: ? - help, Shift-Dir - straight line, f/p - yak
Aim: a yak (almost dead, 87% to hit)
You feel a surge of power!
The stone arrow misses the yak.
The yak gores you!
You die...

#.###.# #..# #...# #.
#...#.####..####...###.
###.#..................
#.#####..............
#.# #...#.......... #.#
###.####...###. #.#
##.## #...####
#.######...###.......
#...@Y...#......#.###
########...####.#.###
##.#####....##
#........#.##
#######...... #######


You could see a yak.

Vanquished Creatures
  Pikel (D:7)
  A troll (D:8)
  A hornet (D:7)
  2 yaks (D:8)
  A wyvern (D:8)
  Eustachio (D:5)
  A sky beast (D:7)
  3 ice beasts (D:5)
  2 black bears
  A hornet zombie (D:5)
  2 orc warriors (D:6)
  2 ogres
  2 necrophages
  2 wolves (D:8)
  4 lemures (D:7)
  A centaur (D:8)
  5 bullfrogs
  A wyvern zombie (D:8)
  A scorpion (D:3)
  A water moccasin skeleton (D:3)
  A wyvern skeleton (D:5)
  A howler monkey (D:6)
  2 centaur zombies
  2 jellies
  5 hounds
  4 iguanas
  5 orc priests
  A bullfrog skeleton (D:5)
  Ijyb (D:3)
  Terence (D:2)
  Natasha (thrice) (D:4)
  6 orc wizards
  2 killer bee zombies (D:8)
  A howler monkey zombie (D:7)
  9 gnolls
  9 adders
  A shadow imp (D:7)
  4 white imps
  An ufetubus (D:4)
  3 worms (D:3)
  2 dart slugs
  28 orcs
  16 endoplasms
  14 giant cockroaches
  7 hobgoblins
  7 jackals
  11 quokkas
  18 ball pythons
  5 bats
  10 frilled lizards
  8 goblins
  14 kobolds
  8 rats
245 creatures vanquished.

Vanquished Creatures (others)
  A gnoll (D:8)
  2 fungi (D:3)
  25 plants
28 creatures vanquished.

Grand Total: 273 creatures vanquished

Notes
Turn   | Place    | Note
-------+----------+-------------------------------------------
     0 | D:1      | CrazyMind the Octopode Earth Elementalist began the quest
                  | for the Orb.
     0 | D:1      | Reached XP level 1. HP: 11/11 MP: 3/3
   358 | D:1      | Reached XP level 2. HP: 11/17 MP: 3/5
   361 | D:1      | Learned a level 2 spell: Passwall
  1121 | D:1      | Reached XP level 3. HP: 21/21 MP: 4/6
  1126 | D:1      | Learned a level 3 spell: Stone Arrow
  1756 | D:2      | Found a faded altar of an unknown god.
  1871 | D:2      | Found a basalt altar of Yredelemnul.
  2030 | D:2      | Reached skill level 4 in Earth Magic
  2134 | D:2      | Noticed Terence
  2305 | D:2      | Reached XP level 4. HP: 27/27 MP: 5/7
  2715 | D:3      | Found a glowing drain.
  2764 | D:3      | Found a radiant altar of Vehumet.
  2771 | D:3      | Became a worshipper of Vehumet
  2809 | Sewer    | Entered a sewer
  3050 | Sewer    | Reached XP level 5. HP: 26/31 MP: 7/9
  3362 | Sewer    | Reached * piety under Vehumet
  3362 | Sewer    | Offered knowledge of Magic Dart by Vehumet.
  3365 | Sewer    | Learned a level 1 spell: Magic Dart
  3462 | Sewer    | Reached skill level 1 in Evocations
  3619 | Sewer    | Reached skill level 1 in Conjurations
  3619 | Sewer    | Reached skill level 5 in Earth Magic
  3619 | Sewer    | Reached XP level 6. HP: 13/36 MP: 5/10
  4093 | D:3      | Found a shadowy altar of Dithmenos.
  4125 | D:3      | Reached skill level 1 in Staves
  4378 | D:3      | Found a runed translucent gate.
  4380 | D:3      | Found a runed translucent gate.
  4381 | D:3      | Found a runed translucent gate.
  4381 | D:3      | Noticed Delamore's ghost (amateur OpBr)
  4424 | D:3      | Reached XP level 7. HP: 42/42 MP: 8/12
  4429 | D:3      | Learned a level 4 spell: Petrify
  4772 | D:3      | Noticed Ijyb
  4864 | D:3      | Killed Ijyb
  4882 | D:3      | Reached ** piety under Vehumet
  5093 | D:2      | Killed Terence
  5146 | D:4      | Offered knowledge of Freeze by Vehumet.
  5361 | D:4      | Noticed Natasha
  5365 | D:4      | Killed Natasha
  5502 | D:4      | Noticed an angel
  5503 | D:4      | Found a glowing silver altar of Zin.
  5686 | D:4      | Noticed Natasha
  5690 | D:4      | Killed Natasha
  5754 | D:4      | Found a white marble altar of Elyvilon.
  5884 | D:4      | Found a staircase to the Ecumenical Temple.
  5921 | D:4      | Found a burning altar of Makhleb.
  5957 | D:4      | Offered knowledge of Mephitic Cloud by Vehumet.
  5958 | D:4      | Reached skill level 6 in Earth Magic
  5976 | Temple   | Entered the Ecumenical Temple
  6149 | D:4      | Found a blossoming altar of Fedhas.
  6306 | D:5      | Entered Level 5 of the Dungeon
  6436 | D:5      | Reached XP level 8. HP: 17/47 MP: 1/13
  6442 | D:4      | Learned a level 3 spell: Mephitic Cloud
  6475 | D:4      | Noticed Natasha
  6656 | D:4      | Killed Natasha
  6930 | D:5      | Reached *** piety under Vehumet
  7026 | D:5      | Noticed Blork the orc
  7105 | D:5      | Found a sacrificial altar of Ru.
  7587 | D:5      | Reached skill level 5 in Stealth
  7686 | D:5      | Noticed Eustachio
  7734 | D:5      | Killed Eustachio
  7735 | D:5      | Reached skill level 1 in Fighting
  7735 | D:5      | Reached skill level 7 in Earth Magic
  8107 | D:6      | Reached XP level 9. HP: 53/53 MP: 16/16
  8147 | D:6      | Found an ornate altar of the Wu Jian Council.
  8191 | D:6      | Found a stormy altar of Qazlal.
  8204 | D:6      | Noticed Maggie
  8242 | D:6      | Reached skill level 1 in Poison Magic
  8332 | D:6      | Found Pil Acy's Book Boutique.
  8658 | D:6      | Offered knowledge of Hailstorm by Vehumet.
  8878 | D:6      | Reached skill level 8 in Earth Magic
  9343 | D:7      | Reached skill level 1 in Air Magic
  9405 | D:7      | Noticed a hornet
  9409 | D:7      | Found a shimmering blue altar of Sif Muna.
  9594 | D:7      | Killed a hornet
  9595 | D:7      | Reached skill level 5 in Spellcasting
  9917 | D:7      | Noticed Pikel
 10424 | D:7      | Killed Pikel
 10425 | D:7      | Reached skill level 9 in Earth Magic
 10425 | D:7      | Reached XP level 10. HP: 58/58 MP: 11/18
 10660 | D:7      | Found a broken altar of Ashenzari.
 10867 | D:8      | Reached **** piety under Vehumet
 11437 | D:8      | Offered knowledge of Conjure Flame by Vehumet.
 11798 | D:8      | Noticed Grum
 11823 | D:8      | Reached skill level 5 in Evocations
 11921 | D:7      | Slain by a yak

Illustrated notes

Levels and vault maps discovered:
D:1:      amcnicky_arrival_wind_blow, layout_loops_ring, columned_hall_lemuel
D:2:      layout_rooms, basic_altar, hellmonk_ecumenical_altar_lost_god,
          roderic_lattice_a, uniq_terence
D:3:      layout_loops_ring, lemuel_crystal_altar,
          nicolae_dithmenos_shadow_blocks, cheibrodos_sewer_entry_sluice,
          gammafunk_ghost_nasty_kobolds, uniq_ijyb
D:4:      layout_cave_pools, lemuel_doored_altar, zin_angel,
          amcnicky_altar_gilded, makhleb_heckhound_becter,
          minmay_temple_entry_drinking_statues, serial_column_ruins,
          column_ruins_hut_ruined, column_ruins_hut_ruined,
          column_ruins_open_medium, column_ruins_open_small,
          column_ruins_columns_corner, column_ruins_grid_1,
          column_ruins_open_tiny, uniq_natasha
D:5:      layout_cave_pods, nicolae_ru_path_of_blood, uniq_blork_the_orc,
          uniq_eustachio
D:6:      layout_cave_pools, mainiacjoe_overflow_concentric_impassable,
          mainiacjoe_overflow_surrounded_room, serial_shops,
          nicolae_shop_statue_plus, st_stairs_4, corexii_hall_statues_t,
          lightli_minifort, uniq_maggie
D:7:      layout_loops_ring, mainiacjoe_overflow_chevrons,
          nicolae_sif_muna_condensation, skrybe_limestone_x, uniq_pikel
D:8:      layout_basic, kennysheep_windowed_goal, uniq_grum
Temple:   corrupted_temple

Skill      XL: |  1  2  3  4  5  6  7  8  9 10 |
---------------+-------------------------------+-----
Stealth        | 3 4 5 |  5.5
Earth Magic    | 4 5 6 7 9 |  9.3
Evocations     | 1 2 3 4 5 |  5.1
Spellcasting   | 3 4 5 6 |  6.0
Conjurations   | 1 2 3 4 |  4.7
Staves         | 1 2 3 4 |  4.1
Fighting       | 1 |  1.4
Dodging        | 3 |  3.4
Poison Magic   | 3 4 |  4.0
Air Magic      | 1 |  1.0
Transmutations | |  1.0

Action                   |  1- 3 |  4- 6 |  7- 9 | 10-12 || total
-------------------------+-------+-------+-------+-------++-------
Melee: Club              |     5 |       |       |       ||     5
       Dagger            |     9 |       |       |       ||     9
       Constrict         |     5 |    27 |    31 |     3 ||    66
       Staff             |     9 |   104 |   112 |    45 ||   270
       Tentacles         |       |    21 |    14 |     7 ||    42
Throw: Dart              |       |     1 |    18 |       ||    19
       Boomerang         |       |       |     1 |       ||     1
 Cast: Sandblast         |    45 |    56 |    94 |    28 ||   223
       Stone Arrow       |       |       |    68 |    13 ||    81
       Mephitic Cloud    |       |       |     7 |     4 ||    11
       Petrify           |       |       |       |     1 ||     1
  Use: Scroll            |       |     3 |     5 |     1 ||     9
       Potion            |       |       |     3 |     1 ||     4
 Stab: Sleeping          |     6 |    16 |    10 |     4 ||    36
       Petrified         |       |       |       |    14 ||    14
       Confused          |       |       |       |     1 ||     1
       Petrifying        |       |       |       |     1 ||     1
Armor: Skin              |     4 |     9 |     6 |     1 ||    20
Dodge: Dodged            |    21 |    77 |   114 |    39 ||   251
